 Dungeon Crawl Stone Soup version 0.23.0 (webtiles) character file.

Game seed: 9976996545218384180

0 LostNumber the Skirmisher (level 1, 0/19 HPs)
             Began as a Hill Orc Abyssal Knight on Feb 10, 2019.
             Was an Initiate of Lugonu.
             Slain by an ooze (2 damage)
             ... on level 1 of the Dungeon.
             The game lasted 00:00:30 (121 turns).

LostNumber the Skirmisher (Hill Orc Abyssal Knight)  Turns: 121, Time: 00:00:31

Health: 0/19       AC:  3    Str: 14    XL:     1   Next: 10%
Magic:  2/2        EV: 11    Int: 12    God:    Lugonu [......]
Gold:   46         SH:  0    Dex: 10    Spells: 0/0 levels left

rFire    . . .     SeeInvis .   a - +1 hand axe
rCold    . . .     Gourm    .   (no shield)
rNeg     . . .     Faith    .   b - +0 leather armour
rPois    .         Spirit   .   (no helmet)
rElec    .         Reflect  .   (no cloak)
rCorr    .         Harm     .   (no gloves)
MR       .....                  (no boots)
Stlth    +.........             (no amulet)
HPRegen  0.06/turn              (no ring)
MPRegen  0.08/turn              (no ring)

@: no status effects
A: no striking features
a: Renounce Religion


You were on level 1 of the Dungeon.
You worshipped Lugonu.
Lugonu was noncommittal.
You were not hungry.

You visited 1 branch of the dungeon, and saw 1 of its levels.
You visited the Abyss 1 time.

You collected 46 gold pieces.

Inventory:

Hand Weapons
 a - a +1 hand axe (weapon)
Armour
 b - a +0 leather armour (worn)
Wands
 c - a wand of disintegration (11)
   (You found it on level 2 of the Abyss)
Scrolls
 d - a scroll of noise {unknown}
 f - a scroll of remove curse {unknown}
 g - a scroll of summoning {unknown}
 h - 2 scrolls of identify {unknown}
Potions
 i - a potion of haste {unknown}
Comestibles
 e - a ration {!d}


   Skills:
 + Level 3.6 Fighting
 * Level 2.7 Axes
 + Level 2.2 Armour
 - Level 0.7 Dodging
 + Level 2.4 Invocations


You couldn't memorise any spells.
You didn't know any spells.
Your spell library was empty.

Dungeon Overview and Level Annotations

Branches:
Dungeon (1/15)

Altars:


Message History

f - a scroll labeled ZIOM VOECIEGIDGH
There is a gateway leading deeper into the Abyss here.
You plunge deeper into the Abyss.
Found a scroll labeled ZIOM VOECIEGIDGH and a scroll labeled KAERUGG AGOS.
Found a sharpened fluorescent wand.
g - a scroll labeled KAERUGG AGOS
Found a dagger.
c - a wand of disintegration (11);
h - a scroll labeled DIATSAEWOTT A large abomination comes into view.
You pass through the gate.
You can no longer depart the Abyss at will.
Found a scroll labeled DIATSAEWOTT.
Found an escape hatch in the floor.
There is a staircase leading out of the dungeon here.
h - 2 scrolls labeled DIATSAEWOTT (gained 1)
You open the door.
Found a murky orange potion.
There is an open door here.
i - a murky orange potion You open the door.
A kobold comes into view. It is wielding a +0 club.
You closely miss the kobold. The kobold hits you with a +0 club.
A kobold is nearby!
You barely miss the kobold. The kobold hits you with a +0 club.
You hit the kobold. The kobold hits you with a +0 club.
You hit the kobold but do no damage. The kobold hits you with a +0 club.
You hit the kobold.
You kill the kobold!
Lugonu accepts your kill.
No target in view!
No target in view!
An ooze comes into view.
The ooze quivers.
There is an open door here.
Things that are here:
a +0 club; 5 stones An ooze is nearby!
An ooze is nearby!
An ooze is nearby!
The ooze barely misses you.
You hit the ooze. The ooze hits you.
You barely miss the ooze. The ooze hits you.
* * * LOW HITPOINT WARNING * * *
The ooze hits you but does no damage.
You barely miss the ooze. The ooze hits you.
* * * LOW HITPOINT WARNING * * *
You hit the ooze. The ooze closely misses you.
You hit the ooze but do no damage. The ooze hits you.
* * * LOW HITPOINT WARNING * * *
You hit the ooze. The ooze hits you.
You die...

#.....+ #.....#
#+#..>..# #.#..<..#
#.'.....#
#+#.#####+#
#.....#.#
######.###)###+####
............@.......
#############J#.....
... ..# .### . .. .#
.# .#


You could see an ooze.

Vanquished Creatures
  A kobold (D:1)
1 creature vanquished.

Notes
Turn   | Place    | Note
-------+----------+-------------------------------------------
     0 | Abyss:1  | LostNumber the Hill Orc Abyssal Knight began the quest for
                  | the Orb.
     0 | Abyss:1  | Reached XP level 1. HP: 19/19 MP: 2/2
    94 | Abyss:2  | Noticed a large abomination
    95 | D:1      | Escaped the Abyss
   121 | D:1      | Slain by an ooze

Action                   || total
-------------------------++-------
Melee: Hand axe          ||    11
Invok: Depart the Abyss  ||     1
Armor: Leather armour    ||     1
Dodge: Dodged            ||     2
